| TOP OF THE 1ST |
|
Pensacola Blue Wahoos batting - Pitching for Reading Fightin Phils : RHP Joe Kimbrough
|
|
Pitching: RHP Joe Kimbrough
|
|
|
Batting: RHB Solange Le Coq
|
0-0: Ball 1-0: Ball 2-0: Called Strike 2-1: Foul Ball, location: 2F 2-2: Ball 3-2: Foul Ball, location: 2F 3-2: Base on Balls
|
|
Batting: RHB Pedro Pinero
|
0-0: Ball 1-0: Called Strike Solange Le Coq is caught stealing 2nd base 2-4 1-1: Foul Ball, location: 2F 1-2: SINGLE (Groundball, 56D, EV 96.3 MPH)
|
|
Batting: LHB Steven Wamble
|
0-0: Ball Pedro Pinero is caught stealing 2nd base 2-6 1-0: Called Strike 1-1: Ball 2-1: Fly out, F4 (Popup, 34S, EV 75.0 MPH)
|
| Top of the 1st over - 0 runs, 1 hit, 0 errors, 0 left on base; Pensacola 0 - Reading 0 |
| BOTTOM OF THE 1ST |
|
Reading Fightin Phils batting - Pitching for Pensacola Blue Wahoos : RHP Jeremy Whooley
|
|
Pitching: RHP Jeremy Whooley
|
|
|
Batting: RHB Matt Strong
|
0-0: Ball 1-0: Foul Ball, location: 2F 1-1: Ball 2-1: Foul Ball, location: 2F 2-2: Ball 3-2: Base on Balls
|
|
Batting: LHB Danny Hill
|
0-0: Swinging Strike 0-1: Called Strike 0-2: Ball 1-2: Strikes out looking
|
|
Batting: RHB Austin Wiebe
|
0-0: Foul Ball, location: 2F 0-1: Foul Ball, location: 2F 0-2: Fly out, F8 (Flyball, 8LS, EV 97.5 MPH)
|
|
Batting: LHB Chris Fandino
|
0-0: Swinging Strike Matt Strong steals 2nd base 0-1: Ball 1-1: Ball 2-1: Fly out, F9 (Flyball, 89D, EV 78.1 MPH)
|
| Bottom of the 1st over - 0 runs, 0 hits, 0 errors, 1 left on base; Pensacola 0 - Reading 0 |
| TOP OF THE 2ND |
|
Pensacola Blue Wahoos batting - Pitching for Reading Fightin Phils : RHP Joe Kimbrough
|
|
Batting: RHB Joseph Kirchmann
|
0-0: Swinging Strike 0-1: Ball 1-1: Called Strike 1-2: Strikes out swinging
|
|
Batting: RHB Jon Marquez
|
0-0: Called Strike 0-1: Ball 1-1: Ball 2-1: SINGLE (Groundball, 4MD, EV 106.9 MPH)
|
|
Batting: SHB Jared Thomas
|
0-0: Ball Jon Marquez steals 2nd base 1-0: Ball 2-0: Ball 3-0: Called Strike 3-1: Base on Balls
|
|
Batting: RHB Jose Caraballo
|
0-0: Ball 1-0: Ball 2-0: Called Strike 2-1: Ball 3-1: Foul Ball, location: 2F 3-2: Strikes out swinging
|
|
Batting: RHB Chris Holland
|
0-0: Ball 1-0: Called Strike 1-1: Swinging Strike 1-2: Ball 2-2: Fly out, F9 (Flyball, 9S, EV 86.9 MPH)
|
| Top of the 2nd over - 0 runs, 1 hit, 0 errors, 2 left on base; Pensacola 0 - Reading 0 |
| BOTTOM OF THE 2ND |
|
Reading Fightin Phils batting - Pitching for Pensacola Blue Wahoos : RHP Jeremy Whooley
|
|
Batting: RHB Mike Narciso
|
0-0: Foul Ball, location: 2F 0-1: Ground out 1-3 (Groundball, 34S, EV 70.0 MPH)
|
|
Batting: LHB Michael Tuttle
|
0-0: Fly out, F8 (Flyball, 78D, EV 105.6 MPH)
|
|
Batting: RHB Kory Sanchez
|
0-0: Called Strike 0-1: Ball 1-1: Ground out 6-3 (Groundball, 6, EV 86.3 MPH)
|
| Bottom of the 2nd over - 0 runs, 0 hits, 0 errors, 0 left on base; Pensacola 0 - Reading 0 |
| TOP OF THE 3RD |
|
Pensacola Blue Wahoos batting - Pitching for Reading Fightin Phils : RHP Joe Kimbrough
|
|
Batting: RHB Ernie Noiles
|
0-0: Ball 1-0: Foul Ball, location: 2F 1-1: Fly out, F6 (Line Drive, 6, EV 67.5 MPH)
|
|
Batting: RHB Solange Le Coq
|
0-0: Ground out 6-3 (Groundball, 6, EV 85.0 MPH)
|
|
Batting: RHB Pedro Pinero
|
0-0: Single, Error in OF, E8, batter to second base (Groundball, 4, EV 101.3 MPH)
|
|
Batting: LHB Steven Wamble
|
0-0: Called Strike 0-1: Fly out, F5 (Popup, 5SF, EV 75.6 MPH)
|
| Top of the 3rd over - 0 runs, 1 hit, 1 error, 1 left on base; Pensacola 0 - Reading 0 |
| BOTTOM OF THE 3RD |
|
Reading Fightin Phils batting - Pitching for Pensacola Blue Wahoos : RHP Jeremy Whooley
|
|
Batting: RHB Fletcher Easter
|
0-0: Hit by Pitch
|
|
Batting: RHB Gary Hills
|
0-0: Fly out, F8 (Flyball, 89D, EV 98.1 MPH)
|
|
Batting: RHB Matt Strong
|
0-0: Called Strike 0-1: Ball 1-1: Ball 2-1: Ball 3-1: Called Strike 3-2: Fly out, F4 (Popup, 4, EV 57.5 MPH)
|
|
Batting: LHB Danny Hill
|
0-0: Ball 1-0: Ball 2-0: Ball 3-0: Base on Balls Fletcher Easter to second
|
|
Batting: RHB Austin Wiebe
|
0-0: Ball 1-0: Fielders Choice at 2nd, 6-4 (Groundball, 6, EV 86.9 MPH)
|
| Bottom of the 3rd over - 0 runs, 0 hits, 0 errors, 2 left on base; Pensacola 0 - Reading 0 |
| TOP OF THE 4TH |
|
Pensacola Blue Wahoos batting - Pitching for Reading Fightin Phils : RHP Joe Kimbrough
|
|
Batting: RHB Joseph Kirchmann
|
0-0: Called Strike 0-1: Ball 1-1: Ball 2-1: Foul Ball, location: 2F 2-2: Foul Ball, location: 2F 2-2: Fly out, F4 (Popup, 4, EV 73.8 MPH)
|
|
Batting: RHB Jon Marquez
|
0-0: Ball 1-0: Called Strike 1-1: Ground out U3 (Groundball, 34, EV 90.0 MPH)
|
|
Batting: SHB Jared Thomas
|
0-0: Foul Ball, location: 2F 0-1: Ball 1-1: Swinging Strike 1-2: Foul Ball, location: 2F 1-2: Ball 2-2: Strikes out swinging
|
| Top of the 4th over - 0 runs, 0 hits, 0 errors, 0 left on base; Pensacola 0 - Reading 0 |
| BOTTOM OF THE 4TH |
|
Reading Fightin Phils batting - Pitching for Pensacola Blue Wahoos : RHP Jeremy Whooley
|
|
Batting: LHB Chris Fandino
|
0-0: Ball 1-0: Ball 2-0: Called Strike 2-1: Ball 3-1: Base on Balls
|
|
Batting: RHB Mike Narciso
|
0-0: Ball 1-0: Called Strike 1-1: 2-RUN HOME RUN (Flyball, 78XD, EV 108.1 MPH), Distance : 398 ft
|
|
Batting: LHB Michael Tuttle
|
0-0: Called Strike 0-1: Ball 1-1: Ball 2-1: Called Strike 2-2: Foul Ball, location: 2F 2-2: SOLO HOME RUN (Flyball, 78XD, EV 102.5 MPH), Distance : 391 ft
|
|
Batting: RHB Kory Sanchez
|
0-0: Called Strike 0-1: Ball 1-1: Ground out U3 (Groundball, 3, EV 107.5 MPH)
|
|
Batting: RHB Fletcher Easter
|
0-0: Ball 1-0: Called Strike 1-1: Ball 2-1: Called Strike 2-2: Ball 3-2: Fly out, F4 (Popup, 13, EV 81.3 MPH)
|
|
Batting: RHB Gary Hills
|
0-0: Swinging Strike 0-1: Ground out 6-3 (Groundball, 6, EV 91.3 MPH)
|
| Bottom of the 4th over - 3 runs, 2 hits, 0 errors, 0 left on base; Pensacola 0 - Reading 3 |
| TOP OF THE 5TH |
|
Pensacola Blue Wahoos batting - Pitching for Reading Fightin Phils : RHP Joe Kimbrough
|
|
Batting: RHB Jose Caraballo
|
0-0: Fly out, F7 (Flyball, 78D, EV 88.8 MPH)
|
|
Batting: RHB Chris Holland
|
0-0: Ball 1-0: Ground out 5-3 (Groundball, 56S, EV 90.0 MPH)
|
|
Batting: RHB Ernie Noiles
|
0-0: Ball 1-0: Swinging Strike 1-1: Foul Ball, location: 2F 1-2: Strikes out looking
|
| Top of the 5th over - 0 runs, 0 hits, 0 errors, 0 left on base; Pensacola 0 - Reading 3 |
| BOTTOM OF THE 5TH |
|
Reading Fightin Phils batting - Pitching for Pensacola Blue Wahoos : RHP Jeremy Whooley
|
|
Batting: RHB Matt Strong
|
0-0: Called Strike 0-1: Ball 1-1: Swinging Strike 1-2: SINGLE (Groundball, 4M, EV 99.4 MPH) (infield hit)
|
|
Batting: LHB Danny Hill
|
0-0: Ball 1-0: Called Strike 1-1: Called Strike Matt Strong steals 2nd base 1-2: SINGLE (Groundball, 4MD, EV 102.5 MPH) Matt Strong to third
|
|
Batting: RHB Austin Wiebe
|
0-0: SINGLE (Groundball, 56D, EV 103.8 MPH) Matt Strong scores Danny Hill to second
|
|
Batting: LHB Chris Fandino
|
0-0: Ball 1-0: Ball 2-0: Foul Ball, location: 2F 2-1: Called Strike 2-2: Ball 3-2: SINGLE (Line Drive, 8LS, EV 95.0 MPH) Danny Hill to third Austin Wiebe to second
|
|
Batting: RHB Mike Narciso
|
0-0: Foul Ball, location: 2F 0-1: Ball 1-1: Ball 2-1: Fly out, F8 (Flyball, 8RM, EV 90.0 MPH)
|
|
Pitching: LHP Brian Whittall
|
|
|
Batting: LHB Michael Tuttle
|
0-0: Ball 1-0: Ball 2-0: Ball 3-0: Called Strike 3-1: Foul Ball, location: 2F 3-2: Foul Ball, location: 2F 3-2: Base on Balls Danny Hill scores Austin Wiebe to third Chris Fandino to second
|
|
Batting: RHB Kory Sanchez
|
0-0: Ball 1-0: Fielders Choice at 2nd, 5-4 (Groundball, 5, EV 86.9 MPH) Austin Wiebe scores Chris Fandino to third
|
|
Batting: RHB Fletcher Easter
|
0-0: Ball 1-0: Foul Ball, location: 2F 1-1: Foul Ball, location: 2F 1-2: Ball 2-2: Foul Ball, location: 2F 2-2: Ball 3-2: Ground out 5-3 (Groundball, 56, EV 100.0 MPH)
|
| Bottom of the 5th over - 3 runs, 4 hits, 0 errors, 2 left on base; Pensacola 0 - Reading 6 |
| TOP OF THE 6TH |
|
Pensacola Blue Wahoos batting - Pitching for Reading Fightin Phils : RHP Joe Kimbrough
|
|
Batting: RHB Solange Le Coq
|
0-0: Ball 1-0: Ball 2-0: Called Strike 2-1: Called Strike 2-2: Ball 3-2: SINGLE (Line Drive, 8LS, EV 92.5 MPH)
|
|
Batting: RHB Pedro Pinero
|
0-0: Ball Solange Le Coq steals 2nd base 1-0: Ball 2-0: Called Strike 2-1: Foul Ball, location: 2F 2-2: Strikes out swinging
|
|
Batting: LHB Steven Wamble
|
0-0: Ball Solange Le Coq steals 3rd base 1-0: Ball 2-0: Foul Ball, location: 2F 2-1: Ground out 4-3 (Groundball, 4S, EV 91.9 MPH) Solange Le Coq scores
|
|
Batting: RHB Joseph Kirchmann
|
0-0: Called Strike 0-1: Ball 1-1: Ball 2-1: Ball 3-1: Base on Balls
|
|
Batting: RHB Jon Marquez
|
0-0: Called Strike Joseph Kirchmann steals 2nd base 0-1: Swinging Strike 0-2: Ball 1-2: Ball 2-2: Ball 3-2: Ground out 5-3 (Groundball, 56S, EV 65.6 MPH)
|
| Top of the 6th over - 1 run, 1 hit, 0 errors, 1 left on base; Pensacola 1 - Reading 6 |
| BOTTOM OF THE 6TH |
|
Reading Fightin Phils batting - Pitching for Pensacola Blue Wahoos : LHP Brian Whittall
|
|
Batting: RHB Gary Hills
|
0-0: Called Strike 0-1: Ground out 5-3 (Groundball, 5S, EV 83.1 MPH)
|
|
Batting: RHB Matt Strong
|
0-0: Called Strike 0-1: Called Strike 0-2: Ball 1-2: Foul Ball, location: 2F 1-2: Ball 2-2: Foul Ball, location: 2F 2-2: Ball 3-2: Base on Balls
|
|
Batting: LHB Danny Hill
|
0-0: Ball 1-0: Ball 2-0: SINGLE (Groundball, 25, EV 62.5 MPH) (infield hit) Matt Strong to second
|
|
Batting: RHB Austin Wiebe
|
0-0: Ball 1-0: Foul Ball, location: 2F 1-1: Called Strike 1-2: Foul Ball, location: 2F 1-2: Fly out, F7 (Flyball, 7LD, EV 101.9 MPH)
|
|
Batting: LHB Chris Fandino
|
0-0: Ball 1-0: Ball 2-0: Foul Ball, location: 2F 2-1: Ball 3-1: Called Strike 3-2: Foul Ball, location: 2F 3-2: Foul Ball, location: 2F 3-2: Ground out 6-3 (Groundball, 6, EV 92.5 MPH)
|
| Bottom of the 6th over - 0 runs, 1 hit, 0 errors, 2 left on base; Pensacola 1 - Reading 6 |
| TOP OF THE 7TH |
|
Pensacola Blue Wahoos batting - Pitching for Reading Fightin Phils : RHP Joe Kimbrough
|
|
Batting: SHB Jared Thomas
|
0-0: Called Strike 0-1: Ground out 5-3 (Groundball, 5L, EV 91.3 MPH)
|
|
Pitching: RHP John Gloe
|
|
|
Batting: RHB Jose Caraballo
|
0-0: Called Strike 0-1: Swinging Strike 0-2: Foul Ball, location: 2F 0-2: Foul Ball, location: 2F 0-2: Strikes out looking
|
|
Batting: RHB Chris Holland
|
0-0: Ball 1-0: Foul Ball, location: 2F 1-1: Called Strike 1-2: Foul Ball, location: 2F 1-2: Strikes out swinging
|
| Top of the 7th over - 0 runs, 0 hits, 0 errors, 0 left on base; Pensacola 1 - Reading 6 |
| BOTTOM OF THE 7TH |
|
Reading Fightin Phils batting - Pitching for Pensacola Blue Wahoos : LHP Brian Whittall
|
|
Batting: RHB Mike Narciso
|
0-0: Called Strike 0-1: Ball 1-1: Foul Ball, location: 2F 1-2: Ball 2-2: SOLO HOME RUN (Flyball, 78XD, EV 98.1 MPH), Distance : 402 ft
|
|
Batting: LHB Michael Tuttle
|
0-0: Called Strike 0-1: Fly out, F7 (Flyball, 7, EV 85.0 MPH)
|
|
Batting: RHB Kory Sanchez
|
0-0: Called Strike 0-1: Fly out, F9 (Line Drive, 9D, EV 94.4 MPH)
|
|
Batting: RHB Fletcher Easter
|
0-0: Called Strike 0-1: Ground out 4-3 (Groundball, 4, EV 86.3 MPH)
|
| Bottom of the 7th over - 1 run, 1 hit, 0 errors, 0 left on base; Pensacola 1 - Reading 7 |
| TOP OF THE 8TH |
|
Pensacola Blue Wahoos batting - Pitching for Reading Fightin Phils : RHP John Gloe
|
|
Batting: RHB Ernie Noiles
|
0-0: Called Strike 0-1: Ball 1-1: Ball 2-1: SINGLE (Flyball, 4MD, EV 93.8 MPH)
|
|
Batting: RHB Solange Le Coq
|
0-0: Foul Ball, location: 2F 0-1: Called Strike 0-2: Ball 1-2: Grounds into double play, 5-4-3 (Groundball, 56S, EV 80.6 MPH)
|
|
Batting: RHB Pedro Pinero
|
0-0: Called Strike 0-1: Ball 1-1: Foul Ball, location: 2F 1-2: Ball 2-2: Foul Ball, location: 2F 2-2: Strikes out swinging
|
| Top of the 8th over - 0 runs, 1 hit, 0 errors, 0 left on base; Pensacola 1 - Reading 7 |
| BOTTOM OF THE 8TH |
|
Reading Fightin Phils batting - Pitching for Pensacola Blue Wahoos : LHP Brian Whittall
|
|
Pitching: RHP Marcus Jackson
|
|
|
Batting: RHB Gary Hills
|
0-0: Called Strike 0-1: SINGLE (Line Drive, 7S, EV 99.4 MPH)
|
|
Batting: RHB Matt Strong
|
0-0: Ball 1-0: Ball 2-0: Ball 3-0: Foul Ball, location: 2F 3-1: Foul Ball, location: 2F 3-2: Strikes out swinging
|
|
Batting: LHB Danny Hill
|
0-0: Fly out, F7 (Line Drive, 7, EV 84.4 MPH)
|
|
Batting: RHB Austin Wiebe
|
0-0: Reached on error, E7 (Flyball, 7, EV 97.5 MPH) Gary Hills to third
|
|
Batting: LHB Chris Fandino
|
0-0: Ball 1-0: Ball 2-0: Called Strike 2-1: Called Strike 2-2: 3-RUN HOME RUN (Flyball, 7LD, EV 95.6 MPH), Distance : 343 ft
|
|
Batting: RHB Mike Narciso
|
0-0: Ball 1-0: Ball 2-0: Called Strike 2-1: Ball 3-1: Swinging Strike 3-2: Foul Ball, location: 2F 3-2: Base on Balls
|
|
Batting: LHB Michael Tuttle
|
0-0: Fielders Choice at 2nd, 5-4 (Groundball, 5L, EV 108.1 MPH)
|
| Bottom of the 8th over - 3 runs, 2 hits, 1 error, 1 left on base; Pensacola 1 - Reading 10 |
| TOP OF THE 9TH |
|
Pensacola Blue Wahoos batting - Pitching for Reading Fightin Phils : RHP John Gloe
|
|
Batting: LHB Steven Wamble
|
0-0: Swinging Strike 0-1: Ball 1-1: Ball 2-1: Foul Ball, location: 2F 2-2: Reached on error, E5 (Groundball, 56, EV 82.5 MPH)
|
|
Pinch Hitting: LHB Jason Pirkle
|
0-0: Called Strike 0-1: Ball 1-1: Ball 2-1: Called Strike 2-2: Ball 3-2: Strikes out swinging
|
|
Batting: RHB Jon Marquez
|
0-0: Ground out 6-3 (Groundball, 6, EV 85.0 MPH)
|
|
Batting: SHB Jared Thomas
|
0-0: Ball 1-0: Foul Ball, location: 2F 1-1: Ball 2-1: Foul Ball, location: 2F 2-2: Strikes out swinging
|
| Top of the 9th over - 0 runs, 0 hits, 1 error, 1 left on base; Pensacola 1 - Reading 10 |
|